 Dungeon Crawl Stone Soup version 0.25-a0-21-ga5a8db46c7 (webtiles) character file.

Game seed: 5988577668300690556, levelgen mode: deterministic

107 Dycilia the Poker (level 4, -9/38 HPs)
             Began as a Merfolk Monk on Oct 16, 2019.
             Mangled by an ice beast (12 damage)
             ... on level 3 of the Dungeon.
             The game lasted 00:07:54 (1854 turns).

Dycilia the Poker (Merfolk Monk)                    Turns: 1854, Time: 00:07:54

Health: -9/38      AC:  6    Str: 12    XL:     4   Next: 85%
Magic:  4/4        EV: 13    Int:  9    God:
Gold:   122        SH:  0    Dex: 16    Spells: 3/3 levels left

rFire    . . .     SeeInvis .   a - +0 spear
rCold    . . .     Gourm    .   (no shield)
rNeg     . . .     Faith    .   j - +0 ring mail
rPois    .         Spirit   .   i - +0 helmet
rElec    .         Reflect  .   (no cloak)
rCorr    .         Harm     .   (no gloves)
MR       .....                  (no boots)
Stlth    +.........             (no amulet)
HPRegen  0.12/turn              (no ring)
MPRegen  0.09/turn              (no ring)

@: no status effects
A: change form in water, swift swim, stealthy swim
a: no special abilities


You were on level 3 of the Dungeon.
You were not hungry.

You visited 1 branch of the dungeon, and saw 3 of its levels.

You collected 122 gold pieces.

Inventory:

Hand Weapons
 a - a +0 spear (weapon)
Armour
 i - a +0 helmet (worn)
 j - a +0 ring mail (worn)
Jewellery
 l - an uncursed ring of stealth {unknown}
 o - a +3 amulet of reflection {unknown}
Scrolls
 b - 2 scrolls of random uselessness {unknown}
 d - a scroll of remove curse {unknown}
 e - a scroll of enchant armour {unknown}
 f - 2 scrolls of identify {unknown}
 g - 2 scrolls of enchant weapon {unknown}
 h - a scroll of magic mapping {unknown}
Potions
 k - 2 potions of curing {unknown}
 m - a potion of cancellation {unknown}
 n - a potion of degeneration {unknown}
Comestibles
 c - 5 rations
 p - 2 chunks of flesh


   Skills:
 + Level 4.3 Fighting
 + Level 5.8 Polearms
 + Level 5.2 Dodging
 - Level 2.1 Stealth


You had 3 spell levels left.
You didn't know any spells.
Your spell library was empty.

Dungeon Overview and Level Annotations

Branches:
Dungeon (3/15)

Altars:


Message History

The ice beast is severely wounded.
The ice beast hits you. The ice beast freezes you!
* * * LOW HITPOINT WARNING * * *
You hit the ice beast.
The ice beast is severely wounded.
The ice beast barely misses you.
You barely miss the ice beast.
The ice beast is severely wounded.
The ice beast barely misses you.
You hit the ice beast but do no damage.
The ice beast is severely wounded.
You hit the ice beast but do no damage.
The ice beast is severely wounded.
The ice beast hits you but does no damage.
You hit the ice beast.
The ice beast is severely wounded.
The ice beast hits you.
* * * LOW HITPOINT WARNING * * *
The ice beast freezes you!
You die...

#.#.........
#...........
#......l....
#...#####.##
#...# . #...#
##..# #Y##
######@#####
#..........######
#.....(..........
#..........#####
#..........#####
#..............#
#####.##...###.#
#.##...###.#
#.##.......#.).#
#


You could see an ice beast.

Vanquished Creatures
  4 adders (D:2)
  2 worms (D:2)
  3 leopard geckos (D:2)
  2 ball pythons (D:1)
  2 giant cockroaches
  5 goblins
  10 hobgoblins
  4 jackals (D:1)
  3 quokkas
  10 bats
  4 frilled lizards
  4 kobolds
  8 rats
61 creatures vanquished.

Notes
Turn   | Place    | Note
-------+----------+-------------------------------------------
     0 | D:1      | Dycilia the Merfolk Monk began the quest for the Orb.
     0 | D:1      | Reached XP level 1. HP: 18/18 MP: 1/1
    83 | D:1      | Reached XP level 2. HP: 22/24 MP: 2/2
   306 | D:1      | Reached skill level 5 in Polearms
   386 | D:1      | Reached XP level 3. HP: 30/30 MP: 3/3
  1136 | D:2      | Reached XP level 4. HP: 36/37 MP: 4/4
  1168 | D:2      | Reached skill level 5 in Dodging
  1797 | D:3      | Noticed an ice beast
  1854 | D:3      | Mangled by an ice beast

Levels and vault maps discovered:
D:1:      saegor_arrival_simple_b, layout_basic, minmay_quantized
D:2:      layout_basic
D:3:      layout_basic, gammafunk_ghost_cemetery, minmay_cupped

Skill      XL: |  1  2  3  4 |
---------------+-------------+-----
Polearms       | 5 |  5.8
Fighting       | 4 |  4.3
Dodging        | 5 |  5.2
Stealth        | |  2.1

Action                   |  1- 3 |  4- 6 || total
-------------------------+-------+-------++-------
Melee: Spear             |   167 |   126 ||   293
 Stab: Sleeping          |     6 |     2 ||     8
       Distracted        |       |     1 ||     1
  Eat: Chunk             |     1 |     2 ||     3
Armor: Robe              |    22 |     3 ||    25
       Ring mail         |       |    22 ||    22
Dodge: Dodged            |    94 |    38 ||   132

Table legend:
 A = Non-vault XP
 B = Vault XP
 C = Vault XP percentage of total XP
 D = Non-vault monster count
 E = Vault monster count
 F = Vault count percentage of total count
                 A         B        C        D         E       F
            +---------+---------+-------+---------+---------+-------
      Total |     145 |       8 |   5.2 |      55 |       6 |   9.8
            +---------+---------+-------+---------+---------+-------
        D:1 |      42 |       8 |  16.0 |      24 |       6 |  20.0
        D:2 |      94 |       0 |   0.0 |      24 |       0 |   0.0
        D:3 |       9 |       0 |   0.0 |       7 |       0 |   0.0
            +---------+---------+-------+---------+---------+-------
